 Dungeon Crawl Stone Soup version 0.28.0 (webtiles) character file.

Game seed: 3196968161444280592

200 joshe the Cudgeller (level 5, -4/32 HPs)
             Began as a Gargoyle Fighter on Feb 5, 2022.
             Slain by a two-headed ogre (12 damage)
             ... on level 4 of the Dungeon.
             The game lasted 00:15:14 (2996 turns).

joshe the Cudgeller (Gargoyle Fighter)              Turns: 2996, Time: 00:15:16

Health: -4/32      AC: 17    Str: 19    XL:     5   Next: 78%
Magic:  5/5        EV:  7    Int: 11    God:
Gold:   206        SH:  4    Dex:  9    Spells: 4/4 levels left

rFire   . . .      SeeInvis .   a - +0 flail
rCold   . . .      Faith    .   c - +0 buckler
rNeg    + . .      Spirit   .   q - +0 chain mail
rPois   ∞          Reflect  .   (no helmet)
rElec   +          Harm     .   (no cloak)
rCorr   .          Rampage  .   (no gloves)
Will    .....                   (no boots)
Stlth   ..........              (no amulet)
HPRegen 0.10/turn               j - +4 ring of protection
MPRegen 0.09/turn               (no ring)

@: no status effects
A: sickness immunity, AC +4, negative energy resistance 1, electricity
resistance, torment resistance 1, petrification resistance
a: no special abilities


You were on level 4 of the Dungeon.
You visited 1 branch of the dungeon, and saw 4 of its levels.

You collected 206 gold pieces.

Inventory:

Hand Weapons
 a - a +0 flail (weapon)
 k - a +0 hunting sling
Missiles
 l - 44 sling bullets
Armour
 c - a +0 buckler (worn)
 q - a +0 chain mail (worn)
Jewellery
 j - a +4 ring of protection (left hand)
Wands
 m - a wand of mindburst (9)
Scrolls
 e - a scroll of holy word {unknown}
 g - a scroll of identify {unknown}
 i - a scroll of fog {unknown}
 n - a scroll of enchant weapon {unknown}
Potions
 b - a potion of curing
 d - 2 potions of might
 f - a potion of heal wounds {unknown}
 h - a potion of ambrosia {unknown}
 o - a potion of mutation {unknown}
 p - a potion of brilliance {unknown}


   Skills:
 - Level 3.3 Fighting
 - Level 5.0 Maces & Flails
 - Level 4.0 Armour
 - Level 4.0 Shields
 + Level 0.2 Evocations


You had 4 spell levels left.
You didn't know any spells.
Your spell library contained the following spells:

 Spells                   Type           Power      Damage    Failure   Level
 Summon Guardian Golem    Hex/Summ       0%         N/A       100%        3
 Ice Form                 Ice/Tmut       0%         N/A       100%        4
 Summon Lightning Spire   Summ/Air       0%         N/A       100%        4
 Malign Gateway           Summ/Tloc      0%         N/A       100%        7


Dungeon Overview and Level Annotations

Branches:
Dungeon (4/15)
 Temple: D:4-7

Altars:
Ashenzari
Elyvilon
Hepliaklqana
Uskayaw
Lugonu

Portals:
Abyss: D:3


Innate Abilities, Weirdness & Mutations

You are immune to sickness and miasma.
Your stone body is resilient. (AC +4)
You are immune to poison.
You resist negative energy. (rN+)
You are resistant to electric shocks. (rElec)
You are resistant to unholy torment.
You are immune to petrification.


Message History

You hit the hobgoblin but do no damage.
The hobgoblin is moderately wounded.
The hobgoblin hits you but does no damage.
You sock the hobgoblin!
You kill the hobgoblin!
You barely miss the hobgoblin. The hobgoblin barely misses you.
You hit the hobgoblin.
The hobgoblin is severely wounded.
The hobgoblin barely misses you.
You sock the hobgoblin!
You kill the hobgoblin!
You block the goblin's attack.
Found a broken altar of Ashenzari.
The goblin hits you but does no damage.
You see here a hobgoblin corpse.
The goblin hits you but does no damage.
You sock the goblin!
You kill the goblin!
b - a potion of curing You see here a +0 dagger.
A two-headed ogre comes into view. It is wielding two +0 giant clubs.
You see here 15 gold pieces.
Aiming: Mindburst
Press: ? - help, Shift-Dir - straight line, f - two-headed ogre
Aim: a two-headed ogre, wielding two +0 giant clubs (chance to affect: 47%)
The two-headed ogre resists with some effort.
Aiming: Mindburst
Press: ? - help, Shift-Dir - straight line, f/p - two-headed ogre
Aim: a two-headed ogre, wielding two +0 giant clubs (chance to affect: 47%)
The two-headed ogre resists with some effort.
Aiming: Mindburst
Press: ? - help, Shift-Dir - straight line, f/p - two-headed ogre
Aim: a two-headed ogre, wielding two +0 giant clubs (chance to affect: 47%)
The two-headed ogre's minds are blasted!
You hit the two-headed ogre.
The two-headed ogre is moderately wounded.
The two-headed ogre hits you with a +0 giant club!!
Ouch! That really hurt!
* * * LOW HITPOINT WARNING * * *
The two-headed ogre hits you with a +0 giant club!
You die...

### ##.#### #..(..##
#.....## #####...<>.#
##.........##
#........##.###
##.......##....#
#...........@..##
#...........O...#
.................####
............#$......#
..............).....#
..........#..†..#.#..#
........##....##### .#
....... #..#.# .
..........#..


You could see a two-headed ogre.

Vanquished Creatures
  Terence (D:2)
  Natasha (twice) (D:2)
  An orc wizard (D:3)
  A gnoll (D:1)
  2 adders
  2 dart slugs
  7 orcs (D:3)
  3 ball pythons
  5 bats
  5 endoplasms
  A giant cockroach (D:1)
  8 goblins
  7 hobgoblins
  2 jackals (D:1)
  2 quokkas
  A frilled lizard (D:1)
  6 kobolds
  6 rats
62 creatures vanquished.

Vanquished Creatures (others)
  A lurking horror (D:3)
1 creature vanquished.

Grand Total: 63 creatures vanquished

Notes
Turn   | Place    | Note
-------+----------+-------------------------------------------
     0 | D:1      | joshe the Gargoyle Fighter began the quest for the Orb.
     0 | D:1      | Reached XP level 1. HP: 14/14 MP: 1/1
   140 | D:1      | Reached XP level 2. HP: 19/19 MP: 2/2
   729 | D:1      | Reached XP level 3. HP: 23/23 MP: 3/3
   968 | D:1      | Reached skill level 3 in Maces & Flails
  1268 | D:2      | Noticed Terence
  1282 | D:2      | Killed Terence
  1283 | D:2      | Reached XP level 4. HP: 25/28 MP: 4/4
  1505 | D:2      | Noticed Natasha
  1523 | D:2      | Killed Natasha
  1524 | D:2      | Reached skill level 4 in Maces & Flails
  1801 | D:2      | Noticed Natasha
  1810 | D:2      | Killed Natasha
  1811 | D:2      | Reached XP level 5. HP: 27/32 MP: 5/5
  2269 | D:3      | Found a one-way gate to the infinite horrors of the Abyss.
  2273 | D:3      | Found a corrupted altar of Lugonu.
  2415 | D:3      | Reached skill level 5 in Maces & Flails
  2501 | D:3      | Found a faded altar of an unknown god.
  2600 | D:3      | Found a white marble altar of Elyvilon.
  2646 | D:3      | Found a faded altar of an unknown god.
  2647 | D:3      | Found a hazy altar of Hepliaklqana.
  2712 | D:3      | Got Sif Muna's Disquisition on Creative Ice
  2713 | D:3      | Noticed a +0 falchion
  2855 | D:3      | Found a hide-covered altar of Uskayaw.
  2855 | D:3      | Noticed a +0 dagger
  2856 | D:3      | Noticed a +0 dagger
  2856 | D:3      | Noticed a +0 short sword
  2856 | D:3      | Noticed a +0 falchion
  2857 | D:3      | Noticed a +0 spear
  2864 | D:3      | Noticed a +0 spear
  2865 | D:3      | Noticed a +0 short sword
  2981 | D:4      | Found a broken altar of Ashenzari.
  2988 | D:4      | Noticed a two-headed ogre
  2996 | D:4      | Slain by a two-headed ogre

Illustrated notes

Levels and vault maps discovered:
D:1:      psy_arrival_dodecagon, layout_loops_ring
D:2:      layout_loops_ring, kennysheep_nub, chequers_serial_rivers_small_b,
          uniq_natasha, uniq_terence
D:3:      layout_rooms, beargit_hepliaklqana_dungeon_heroes,
          nicolae_uskayaw_en_pointe, nicolae_elyvilon_peaceful_grove,
          hellmonk_ecumenical_altar_slurped_away,
          amcnicky_altar_lugonu_corruption
D:4:      layout_cave_pools, cheibrodos_ashenzari_chains,
          hangedman_decor_riveting, nicolae_figureground_sparkle

Skill      XL: |  1  2  3  4  5 |
---------------+----------------+-----
Shields        | 4 |  4.0
Maces & Flails | 3 4 5 |  5.0
Armour         | 4 |  4.0
Fighting       | |  3.3
Evocations     | |  0.2

Action                   |  1- 3 |  4- 6 || total
-------------------------+-------+-------++-------
Melee: Flail             |   102 |   117 ||   219
Evoke: Wand              |       |     3 ||     3
Armor: Scale mail        |    50 |    43 ||    93
       Chain mail        |       |     4 ||     4
Dodge: Dodged            |    55 |    43 ||    98
Block: Buckler           |    21 |    21 ||    42
